 Dungeon Crawl Stone Soup version 0.27-a0-1090-gb115f176c6 (webtiles) character file.

Game seed: 8392255813340922412

4795 scammafunk the Fighter (level 10, 0/92 (93) HPs)
             Began as a Minotaur Fighter on Apr 27, 2021.
             Was an Initiate of Gozag.
             Slain by an orc warrior
             ... wielding a +0 hand axe
              (9 damage)
             ... on level 8 of the Dungeon.
             The game lasted 00:30:50 (7976 turns).

scammafunk the Fighter (Minotaur Fighter)           Turns: 7976, Time: 00:30:50

HP:   0/92 (93)     AC: 14    Str: 24    XL:     10   Next: 24%
MP:   9/9           EV:  7    Int:  5    God:    Gozag
Gold: 182           SH:  0    Dex: 10    Spells: 9/9 levels left

rFire    . . .     SeeInvis .   a - +0 war axe (chaos)
rCold    . . .     Faith    .   c - +2 kite shield
rNeg     . . .     Spirit   .   e - +0 chain mail
rPois    .         Reflect  .   (helmet restricted)
rElec    .         Harm     .   g - +0 cloak
rCorr    .         Rampage  .   (no gloves)
Will     .....                  p - +0 pair of boots
Stlth    ..........             f - amulet of the acrobat
HPRegen  0.25/turn              (no ring)
MPRegen  0.11/turn              (no ring)

@: confused, gold aura, lightly drained
A: horns 2, retaliatory headbutt
a: Renounce Religion, Potion Petition, Call Merchant, Bribe Branch


You were on level 8 of the Dungeon.
You worshipped Gozag.
Gozag was aware of your devotion.
You visited 2 branches of the dungeon, and saw 9 of its levels.

You collected 1536 gold pieces.
You spent 554 gold pieces at shops.
You paid 800 gold pieces to Gozag.

Inventory:

Hand Weapons
 a - a +0 war axe of chaos (weapon)
 u - a +0 battleaxe
Missiles
 j - 13 javelins (quivered)
Armour
 c - a +2 kite shield (worn)
 e - a +0 chain mail (worn)
 g - a +0 cloak (worn)
 p - a +0 pair of boots (worn)
 r - the +1 robe "Xoasin" {Rampage rF+ rN+ rCorr}
   (You found it on level 5 of the Dungeon)

   It protects you from fire.
   It protects you from negative energy.
   It protects you from acid and corrosion.
   It bestows one free step when moving towards enemies.
Jewellery
 f - an amulet of the acrobat (around neck)
 s - a ring of resist corrosion
Wands
 t - a wand of iceblast (13)
 y - a wand of flame (15)
Scrolls
 v - a scroll of immolation
 w - a scroll of identify
 z - a scroll of enchant weapon {unknown}
Potions
 b - 2 potions of brilliance
 d - a potion of heal wounds {unknown}
 h - 2 potions of mutation
 i - 3 potions of flight
 k - 2 potions of resistance
 l - a potion of berserk rage {unknown}
 m - a potion of lignification {unknown}
 o - a potion of degeneration {unknown}
 q - a potion of cancellation {unknown}
Miscellaneous
 x - a lightning rod (4/4)


   Skills:
 + Level 9.8 Fighting
 + Level 9.4 Axes
 + Level 9.7 Armour
 + Level 9.7 Shields


You had 9 spell levels left.
You didn't know any spells.
Your spell library contained the following spells:

 Spells                   Type           Power      Damage    Failure   Level
 Animate Skeleton         Necr           0%         N/A       99%         1
 Apportation              Tloc           0%         N/A       99%         1
 Beastly Appendage        Tmut           0%         N/A       99%         1
 Corona                   Hex            0%         N/A       99%         1
 Foxfire                  Conj/Fire      0%         2x1d4     99%         1
 Freeze                   Ice            0%         1d3       99%         1
 Summon Small Mammal      Summ           0%         N/A       99%         1
 Confusing Touch          Hex            0%         N/A       100%        3
 Frozen Ramparts          Ice            0%         1d2       100%        3
 Gell's Gravitas          Tloc           0%         N/A       100%        3
 Ozocubu's Armour         Ice            0%         N/A       100%        3
 Hailstorm                Conj/Ice       0%         3d3       100%        4
 Petrify                  Tmut/Erth      0%         N/A       100%        4
 Metabolic Englaciation   Hex/Ice        0%         N/A       100%        5
 Yara's Violent Unravell  Hex/Tmut       0%         3d3       100%        5


Dungeon Overview and Level Annotations

Branches:
Dungeon (8/15)             Temple (1/1) D:5
   Lair: D:8-11

Altars:
Ashenzari
Dithmenos
Elyvilon
Fedhas
Gozag
Kikubaaqudgha
Makhleb
Nemelex Xobeh
Okawaru
Qazlal
Ru
Sif Muna
Trog
Uskayaw
Vehumet
Wu Jian
Xom
Yredelemnul
Lugonu

Shops:
D:3 :[   D:7 *=

Annotations:
D:4 1 runed translucent door, bisexualwizard's ghost, weakling GrGl


Innate Abilities, Weirdness & Mutations

You have a pair of horns on your head.
You reflexively headbutt those who attack you in melee.


Message History

The hornet is severely wounded.
You hit the orc warrior.
You feel better. The hornet stings you.
* * * LOW HITPOINT WARNING * * *
You feel yourself slow down.
The orc warrior hits you with a +0 hand axe.
* * * LOW HITPOINT WARNING * * *
The hornet stings you!
* * * LOW HITPOINT WARNING * * *
You feel as though you will be slow longer.
You hit the hornet but do no damage. Lightning courses through the hornet!
You kill the hornet!
You closely miss the orc warrior.
The orc warrior hits you with a +0 hand axe.
* * * LOW HITPOINT WARNING * * *
Something hits you but does no damage.
You miss the orc warrior. Your headbutt misses the orc warrior.
The orc warrior is moderately wounded.
You miss something.
The orc warrior hits you with a +0 hand axe!
* * * LOW HITPOINT WARNING * * *
Something completely misses you.
The orc warrior hits you with a +0 hand axe.
* * * LOW HITPOINT WARNING * * *
You hear some strange, mumbled words.
You are confused.
You feel better. You block the orc warrior's attack.
You hear some strange, mumbled words.
You are confused.
You closely miss the orc warrior. Your headbutt misses the orc warrior.
The orc warrior is moderately wounded.
You closely miss something. The orc warrior completely misses you.
Something hits you but does no damage. The orc warrior completely misses you.
Something hits you.
* * * LOW HITPOINT WARNING * * *
You bump into the crystal wall.
You feel yourself speed up. The orc warrior completely misses you.
Something hits you but does no damage.
The orc warrior hits you with a +0 hand axe!
You die...
Your body crumbles into a pile of gold.

#..# #..#
#..########.
#..........
##..##..... ##
#.#####.##...## ..
#......))....# .##
.............##...#.#
##.###......$@.._....
# ##....##o#...##.
#$...##.# .##
#....##.. #
#.#.###### #.#.#
#.... ###.#


You could see an orc warrior (agile).

Vanquished Creatures
  Pikel (D:7)
  Joseph (D:7)
  A hornet (D:8)
  6 yaks
  A wraith (D:7)
  Menkaure (D:7)
  A water moccasin (D:6)
  An ice beast (D:6)
  3 orc warriors (D:7)
  2 black bears
  A necrophage (D:5)
  2 ogres
  2 centaurs
  2 lemures (D:7)
  A phantom (D:7)
  A kobold brigand (D:7)
  A water moccasin zombie (D:6)
  3 scorpions
  7 wights
  4 howler monkeys
  2 centaur zombies
  2 jellies
  2 orc priests
  2 bullfrog skeletons (D:5)
  5 hounds
  2 iguanas (D:4)
  3 orc wizards (D:7)
  A killer bee zombie (D:6)
  A hound skeleton (D:4)
  2 hound zombies
  2 howler monkey skeletons (D:5)
  8 adders
  A white imp (D:7)
  2 ufetubi
  6 adder skeletons
  2 adder zombies
  5 worms
  4 dart slugs
  23 orcs
  4 endoplasms
  4 giant cockroaches
  7 goblins
  3 hobgoblins
  6 jackals
  9 kobolds
  7 quokkas
  8 ball pythons
  A ball python zombie (D:3)
  4 bats
  7 frilled lizards
  5 rats
182 creatures vanquished.

Vanquished Creatures (others)
  An orc wizard (D:7)
1 creature vanquished.

Grand Total: 183 creatures vanquished

Notes
Turn   | Place    | Note
-------+----------+-------------------------------------------
     0 | D:1      | scammafunk the Minotaur Fighter began the quest for the
                  | Orb.
     0 | D:1      | Reached XP level 1. HP: 19/19 MP: 0/0
   180 | D:1      | Reached XP level 2. HP: 27/27 MP: 1/1
   911 | D:2      | Found a faded altar of an unknown god.
   960 | D:2      | Became a worshipper of Gozag Ym Sagoz the Greedy
   993 | D:2      | Reached XP level 3. HP: 33/33 MP: 2/2
  1489 | D:3      | Reached XP level 4. HP: 39/41 MP: 3/3
  1752 | D:3      | Found Jyujee's Armour Shoppe.
  1772 | D:3      | Bought a +0 cloak for 54 gold pieces
  2027 | D:3      | Reached XP level 5. HP: 45/47 MP: 4/4
  2479 | D:3      | Found Ostrohatz's Book Emporium.
  2749 | D:4      | Reached skill level 5 in Fighting
  2938 | D:4      | Reached skill level 5 in Armour
  2938 | D:4      | Reached skill level 5 in Shields
  3032 | D:4      | Reached XP level 6. HP: 55/56 MP: 5/5
  3196 | D:4      | Reached skill level 5 in Axes
  3196 | D:4      | Reached XP level 7. HP: 22/62 MP: 6/6
  3508 | D:4      | Found a runed translucent door.
  3510 | D:4      | Noticed bisexualwizard's ghost (weakling GrGl)
  3765 | D:4      | Found an iron altar of Okawaru.
  3791 | D:4      | Found a shadowy altar of Dithmenos.
  3953 | D:5      | Entered Level 5 of the Dungeon
  4081 | D:5      | Found a staircase to the Ecumenical Temple.
  4090 | Temple   | Entered the Ecumenical Temple
  4233 | D:5      | Identified the +1 robe "Xoasin" {Rampage rF+ rN+ rCorr}
  4426 | D:5      | Identified Hezopin's Sorcery, Part One
  4798 | D:5      | Reached XP level 8. HP: 65/71 MP: 7/7
  5334 | D:6      | Noticed a moth of wrath
  5356 | D:6      | Found a bloodstained altar of Trog.
  5478 | D:6      | Found a broken altar of Ashenzari.
  5898 | D:6      | Found a white marble altar of Elyvilon.
  6001 | D:6      | Found a basalt altar of Yredelemnul.
  6209 | D:7      | Reached XP level 9. HP: 81/81 MP: 8/8
  6436 | D:7      | Noticed Joseph
  6459 | D:7      | Killed Joseph
  6971 | D:7      | Noticed Menkaure
  6983 | D:7      | Killed Menkaure
  7302 | D:7      | Reached XP level 10. HP: 53/88 MP: 9/9
  7516 | D:7      | Found Qim Haujo's Jewellery Boutique.
  7527 | D:7      | Found a radiant altar of Vehumet.
  7609 | D:7      | Found Fikkegul's Elemental Accessories.
  7619 | D:7      | Bought a lightning rod (4/4) for 390 gold pieces
  7619 | D:7      | Bought a wand of flame (15) for 110 gold pieces
  7634 | D:7      | Noticed Pikel
  7654 | D:7      | Killed Pikel
  7958 | D:8      | Found a sparkling altar of Nemelex Xobeh.
  7973 | D:8      | HP: 2/92 [orc warrior/+0 hand axe (4)]
  7976 | D:8      | Slain by an orc warrior

Illustrated notes

Levels and vault maps discovered:
D:1:      lightli_arrival_statuegarden, layout_loops_ring, minivault_24
D:2:      layout_rooms, hellmonk_ecumenical_altar_inner_sanctum, minmay_unequal
D:3:      layout_basic, serial_shops, shop, shop, serial_undead,
          serial_undead_f, serial_undead_c, serial_undead_e, serial_undead_f,
          serial_undead_a, serial_undead_a
D:4:      minmay_spotlight, layout_loops_corners, lemuel_doored_altar,
          kennysheep_mini, ebering_ghost_reflecting_pool, grunt_ministairs_13
D:5:      layout_basic, minmay_temple_entry_slanted, minmay_chambers_of_fives
D:6:      layout_basic, kennysheep_ying_yang, ashenzari_conservatory_becter,
          tgw_trog
D:7:      layout_cave_pools, amcnicky_altar_gilded, serial_shops,
          shop_fountains, lightli_ossuary_entry_decrepit_ruins,
          nicolae_elemental_shop, uniq_joseph, uniq_pikel, uniq_menkaure
D:8:      layout_loops_ring, lemuel_tele_altar, lemuel_coloured_pillars_altar,
          nicolae_overflow_crystal_walls, serial_shops, shop, uniq_harold
Temple:   corrupted_temple

Skill      XL: |  1  2  3  4  5  6  7  8  9 |
---------------+----------------------------+-----
Fighting       | 4 5 6 8 9 |  9.8
Armour         | 4 5 6 8 9 |  9.7
Shields        | 4 5 6 8 9 |  9.7
Axes           | 3 4 5 6 7 9 |  9.4

Action                   |  1- 3 |  4- 6 |  7- 9 | 10-12 || total
-------------------------+-------+-------+-------+-------++-------
Melee: War axe           |    86 |   116 |   248 |    52 ||   502
       Headbutt          |     4 |    13 |    50 |    12 ||    79
Invok: Potion Petition   |       |       |     2 |       ||     2
  Use: Scroll            |       |     4 |    10 |       ||    14
       Potion            |       |     1 |       |     2 ||     3
 Stab: Distracted        |       |     1 |       |       ||     1
Armor: Scale mail        |    35 |    20 |       |       ||    55
       Chain mail        |       |    33 |   135 |    29 ||   197
Dodge: Dodged            |    63 |    82 |   100 |    32 ||   277
Block: Kite shield       |     1 |       |   117 |    28 ||   146

Table legend: (Time is in decaauts)
 A = Elapsed time spent in this place.
 B = Non-inter-level travel time spent in this place.
 C = Inter-level travel time spent in this place.
 D = Time resting spent in this place.
 E = Time spent auto-exploring this place.
 F = Levels seen in this place.
 G = Mean time per level.
                   A        B        C        D        E       F      G
               +--------+--------+--------+--------+--------+-----+--------+
         Total |   8113 |   7938 |    175 |   1597 |   4525 |   9 |  901.4 |
       Dungeon |   8056 |   7894 |    162 |   1597 |   4499 |   8 | 1007.0 |
        Temple |     57 |     44 |     13 |      0 |     26 |   1 |   57.0 |
               +--------+--------+--------+--------+--------+-----+--------+

Top non-repeatable levels by time:
     D:6: 1504 daAuts
     D:4: 1439 daAuts
     D:7: 1258 daAuts
     D:5: 1190 daAuts
     D:3: 1084 daAuts
     D:1: 845 daAuts
     D:2: 654 daAuts
     D:8: 79 daAuts
  Temple: 57 daAuts
